 Dungeon Crawl Stone Soup version 0.32-a0-411-g744942f433 (webtiles) character file.

Game seed: 15266657756297168916

289 pokeman the Magician (level 6, 0/34 HPs)
             Began as a Deep Elf Hedge Wizard on Feb 21, 2024.
             Slain by a water moccasin skeleton (1 damage)
             ... on level 4 of the Dungeon.
             The game lasted 00:08:05 (3672 turns).

pokeman the Magician (Deep Elf Hedge Wizard)        Turns: 3672, Time: 00:08:05

Health: 0/34       AC:  2    Str:  7    XL:     6   Next: 9%
Magic:  1/17       EV: 13    Int: 21    God:
Gold:   214        SH:  0    Dex: 14    Spells: 10/18 levels left

rFire   + . .        k - staff of fire
rCold   . . .        (no shield)
rNeg    . . .        b - +0 robe
rPois   .            c - +0 hat
rElec   .            (no cloak)
rCorr   .            (no gloves)
SInv    .            (no boots)
Will    .....        (no amulet)
Stlth   ++           (no ring)
HPRegen 0.25/turn    (no ring)
MPRegen 0.15/turn

%: no passive effects
@: no status effects
A: no striking features
a: no special abilities


You were on level 4 of the Dungeon.
You visited 1 branch of the dungeon, and saw 5 of its levels.

You collected 214 gold pieces.

Inventory:

Hand Weapons
 q - a +2 whip of venom
Armour
 b - a +0 robe (worn)
 c - a +0 hat (worn)
 m - a scarf of invisibility
Magical Staves
 k - a staff of fire (weapon)
Scrolls
 a - 2 scrolls of identify {unknown}
 f - 2 scrolls of teleportation {unknown}
 g - a scroll of noise {unknown}
 l - a scroll of fog {unknown}
 n - a scroll of acquirement {unknown}
 p - a scroll of immolation {unknown}
Potions
 d - a potion of magic
 i - a potion of might {unknown}
 j - a potion of ambrosia {unknown}
 o - a potion of degeneration {unknown}


   Skills:
 - Level 1.0 Fighting
 - Level 1.0 Armour
 - Level 3.0 Dodging
 - Level 3.0 Stealth
 * Level 6.5 Spellcasting
 + Level 2.9 Conjurations
 - Level 1.1 Summonings
 - Level 1.1 Translocations
 + Level 1.1 Fire Magic
 + Level 1.3 Air Magic
 + Level 1.2 Alchemy
 + Level 1.2 Evocations


You had 10 spell levels left.
You knew the following spells:

 Your Spells              Type           Power      Damage    Failure   Level
a - Magic Dart            Conj           76%        1d6       2%          1
b - Mephitic Cloud        Conj/Alch/Air  14%        N/A       13%         3
c - Call Imp              Summ           22%        N/A       9%          2
d - Blink                 Tloc           22%        N/A       9%          2

Your spell library contained the following spells:

 Spells                   Type           Power      Damage    Failure   Level
 Kiss of Death            Conj/Necr      48%        2d9       4%          1
 Slow                     Hex            24%        N/A       10%         1
 Cigotuvi's Dreadful Rot  Necr/Alch/Air  20%        N/A       10%         2
 Confusing Touch          Hex            6%         N/A       28%         3
 Dispel Undead            Necr           6%         3d8       67%         4


Dungeon Overview and Level Annotations

Branches:
Dungeon (5/15)
 Temple: D:4-7

Altars:
Hepliaklqana
Ru


Message History

Aim: a phantom (heavily damaged, 100% to hit)
The magic dart hits the phantom.
The phantom is severely damaged.
The phantom hits you but does no damage.
Casting: Magic Dart (safe; 2% risk of failure)
Confirm with . or Enter, or press ? or * to list all spells.
Aiming: Magic Dart (safe; 2% risk of failure)
Press: ? - help, Shift-Dir - straight line, f/p - phantom
Aim: a phantom (severely damaged, 100% to hit)
The magic dart hits the phantom but does no damage.
The phantom is severely damaged.
The phantom hits you!
* * * LOW HITPOINT WARNING * * *
The phantom blinks!
You blink.
Casting: Magic Dart (safe; 2% risk of failure)
Confirm with . or Enter, or press ? or * to list all spells.
You don't have enough magic to cast this spell.
Unknown command.
Your +2 whip of venom stops dripping with poison.
k - a staff of fire (weapon)
You hit the phantom but do no damage.
The phantom is severely damaged.
The phantom hits you but does no damage.
Unknown command.
You hit the phantom but do no damage.
The phantom is severely damaged.
The phantom hits you.
* * * LOW HITPOINT WARNING * * *
The phantom hits you.
* * * LOW HITPOINT WARNING * * *
The phantom blinks!
You blink.
You closely miss the phantom.
The phantom is heavily damaged.
The phantom hits you.
* * * LOW HITPOINT WARNING * * *
Unknown command.
You hit the phantom but do no damage.
The phantom is heavily damaged.
The phantom barely misses you. The water moccasin skeleton bites you.
You die...

#### ..## ....
...# #..# ...#
#..# ...#
##..####...##
............#
#..##......#
#.§##W@....#
...........Z.ß...#
###########.....##
#.§...# #.#.###
####...#...
#..........
#.####.#.#.
#####.###.....


You could see a phantom and a water moccasin skeleton.

Vanquished Creatures
  A scorpion (D:4)
  Natasha (D:4)
  4 gnolls (D:3)
  4 adders
  3 dart slugs
  5 endoplasms
  4 giant cockroaches
  9 goblins
  7 hobgoblins
  7 jackals
  A kobold (D:3)
  3 quokkas (D:1)
  7 ball pythons
  5 bats
  4 frilled lizards
  6 rats
71 creatures vanquished.

Notes
Turn   | Place    | Note
-------+----------+-------------------------------------------
     0 | D:1      | pokeman the Deep Elf Hedge Wizard began the quest for the
                  | Orb.
     0 | D:1      | Reached XP level 1. HP: 10/10 MP: 7/7
   200 | D:1      | Reached XP level 2. HP: 16/16 MP: 5/9
   466 | D:1      | Reached skill level 5 in Spellcasting
   634 | D:1      | Reached XP level 3. HP: 20/20 MP: 5/11
   638 | D:1      | Learned a level 3 spell: Mephitic Cloud
   641 | D:1      | Learned a level 2 spell: Call Imp
   644 | D:1      | Learned a level 2 spell: Blink
  1209 | D:2      | Reached skill level 1 in Armour
  1289 | D:2      | Reached skill level 1 in Fighting
  1422 | D:2      | Reached XP level 4. HP: 5/25 MP: 0/13
  2471 | D:3      | Reached skill level 6 in Spellcasting
  2471 | D:3      | Reached XP level 5. HP: 16/29 MP: 3/15
  2480 | D:3      | HP: 1/29 [poisoned by a kobold]
  2688 | D:3      | You fall into a shaft and drop 2 floors!
  2688 | D:5      | Entered Level 5 of the Dungeon
  2693 | D:4      | Noticed Natasha
  2697 | D:4      | Killed Natasha
  2776 | D:4      | Found a hazy altar of Hepliaklqana.
  2803 | D:4      | Reached skill level 1 in Fire Magic
  2803 | D:4      | Reached skill level 1 in Air Magic
  2803 | D:4      | Reached skill level 1 in Alchemy
  2803 | D:4      | Reached skill level 1 in Evocations
  2808 | D:4      | Reached XP level 6. HP: 34/34 MP: 6/17
  3225 | D:3      | Found a sacrificial altar of Ru.
  3670 | D:4      | HP: 1/34 [phantom (2)]
  3672 | D:4      | Slain by a water moccasin skeleton

Illustrated notes

Levels and vault maps discovered:
D:1:      dpeg_arrival_shelter, layout_loops_ring, serial_glass,
          glass_columns_a, glass_columns_a
D:2:      layout_loops_ring, minivault_23, minmay_ruptured
D:3:      layout_loops_ring, mainiacjoe_overflow_cross_hatched
D:4:      layout_loops_corners, mainiacjoe_overflow_paths, serial_undead,
          serial_undead_d, serial_undead_f, serial_undead_f, serial_undead_d,
          uniq_natasha
D:5:      layout_basic, minmay_fire_ice_demons

Skill      XL: |  1  2  3  4  5 |
---------------+----------------+-----
Spellcasting   | 5 6 |  6.5
Armour         | 1 |  1.0
Fighting       | 1 |  1.0
Conjurations   | 2 |  2.9
Stealth        | 3 |  3.0
Dodging        | 3 |  3.0
Fire Magic     | 1 |  1.1
Air Magic      | 1 |  1.3
Alchemy        | 1 |  1.2
Evocations     | 1 |  1.2
Summonings     | |  1.1
Translocations | |  1.1

Action                     |  1- 3 |  4- 6 || total
---------------------------+-------+-------++-------
  Melee: Hand axe          |     6 |     4 ||    10
         Whip              |       |     5 ||     5
         Staff             |       |     4 ||     4
   Cast: Magic Dart        |    85 |   118 ||   203
         Mephitic Cloud    |       |     3 ||     3
    Use: Potion            |       |     1 ||     1
 Armour: Robe              |    22 |    25 ||    47
  Dodge: Dodged            |    29 |    27 ||    56

Table legend: (Time is in decaauts)
 A = Elapsed time spent in this place.
 B = Non-inter-level travel time spent in this place.
 C = Inter-level travel time spent in this place.
 D = Time resting spent in this place.
 E = Time spent auto-exploring this place.
 F = Levels seen in this place.
 G = Mean time per level.
                   A        B        C        D        E       F      G
               +--------+--------+--------+--------+--------+-----+--------+
         Total |   3679 |   3625 |     54 |    112 |   3119 |   5 |  735.8 |
       Dungeon |   3679 |   3625 |     54 |    112 |   3119 |   5 |  735.8 |
               +--------+--------+--------+--------+--------+-----+--------+

Top non-repeatable levels by time:
     D:2: 1201 daAuts
     D:1: 1173 daAuts
     D:3: 1072 daAuts
     D:4: 227 daAuts
     D:5: 4 daAuts
